 Dungeon Crawl Stone Soup version 0.20-a0-1116-gaa52201 (webtiles) character file.

595 Duffy the Summoner (level 7, -1/36 HPs)
             Began as a Deep Elf Summoner on May 7, 2017.
             Shot with an arrow by a centaur (19 damage)
             ... on level 5 of the Dungeon.
             The game lasted 00:07:34 (5417 turns).

Duffy the Summoner (Deep Elf Summoner)              Turns: 5417, Time: 00:07:35

Health: -1/36      AC:  3    Str:  5    XL:     7   Next: 16%
Magic:  6/18       EV: 10    Int: 22    God:
Gold:   246        SH:  0    Dex: 15    Spells: 5/19 levels left

rFire    . . .     SeeInvis .   e - +0 dagger
rCold    . . .     Gourm    .   (no shield)
rNeg     . . .     Faith    .   a - +0 robe
rPois    .         Spirit   .   (no helmet)
rElec    .         Reflect  .   i - +0 cloak
rCorr    .         Harm     .   (no gloves)
MR       .....                  (no boots)
Stlth    +.........             (no amulet)
Regen    0.2/turn               f - ring of loudness (curse)
MPRegen  0.2/turn               x - -3 ring of evasion (curse)

@: very slightly contaminated
A: no striking features
a: no special abilities


You were on level 5 of the Dungeon.
You were not hungry.

You visited 1 branch of the dungeon, and saw 5 of its levels.

You collected 246 gold pieces.

Inventory:

Hand Weapons
 e - a +0 dagger (weapon)
Armour
 a - a +0 robe (worn)
 i - a +0 cloak (worn)
Jewellery
 f - a cursed ring of loudness (left hand)
 x - a cursed -3 ring of evasion (right hand)
Scrolls
 d - a scroll of fog {unknown}
 h - 3 scrolls of immolation {unknown}
 j - 3 scrolls of identify {unknown}
 k - 2 scrolls of fear {unknown}
 l - 2 scrolls of remove curse {unknown}
 m - a scroll of magic mapping {unknown}
 p - a scroll of random uselessness {unknown}
 q - 4 scrolls of enchant armour {unknown}
 t - 2 scrolls of teleportation {unknown}
Potions
 g - a potion of haste {unknown}
 o - a potion of might {unknown}
 r - a potion of brilliance {unknown}
 u - a potion of flight {unknown}
 w - a potion of lignification {unknown}
Books
 b - a book of Callings

   Spells                             Type                      Level
   a - Summon Small Mammal            Summoning                    1
   b - Call Imp                       Summoning                    2
   c - Call Canine Familiar           Summoning                    3
   d - Summon Guardian Golem          Hexes/Summoning              3
   e - Summon Lightning Spire         Summoning/Air                4
   f - Summon Ice Beast               Ice/Summoning                4
Comestibles
 c - 4 bread rations
 n - 2 royal jellies
 s - 2 meat rations
 v - 2 chunks of flesh


   Skills:
 - Level 2.4 Dodging
 - Level 2.4 Stealth
 + Level 6.6 Spellcasting
 * Level 8.1 Summonings


You had 5 spell levels left.
You knew the following spells:

 Your Spells              Type           Power        Failure   Level  Hunger
h - Summon Small Mammal   Summ           ####         1%          1    None
j - Call Imp              Summ           #####...     1%          2    None
k - Call Canine Familiar  Summ           #####...     1%          3    #......
l - Summon Ice Beast      Ice/Summ       ####....     16%         4    ###....
p - Summon Lightning Spi  Summ/Air       ####....     16%         4    ###....


Dungeon Overview and Level Annotations

Branches:
Dungeon (5/15)
 Temple: D:4-7

Altars:
Ashenzari
Cheibriados
Dithmenos
Elyvilon
Okawaru
Ru
Trog
Wu Jian
Yredelemnul


Message History

Confirm with . or Enter, or press ? or * to list all spells.
A chill wind blows around you.
The centaur hits you with an enchanted shortbow.
You swap places.
The centaur shoots an arrow.
The arrow closely misses your ice beast.
The arrow hits you.
The centaur shoots an arrow.
The arrow hits your ice beast.
Found a tapered lead wand.
You see here an arrow.
What are your orders? t - Shout!
Orders for allies: a - Attack new target. r - Retreat! s - Stop attacking. g - Guard the area. f - Follow me.
Anything else - Cancel.
Gang up on whom?
Press: ? - help, Dir - move target cursor, f - centaur
Aim: a centaur, wielding an enchanted shortbow Attack!
The centaur shoots an arrow.
The arrow hits you!!
Ouch! That really hurt!
You die...

.#..#..........#.....
.#.......<.#####.......
......##....# ###...#...
..#........... .........
......##...#####.......#
....................#..#
.............##...####.#
/...#..Y.....#..........
.......@(Y...##...######
.##.#####c#.......#
....c...#.......#
##############.## #.#
###


You could see a centaur and 2 friendly ice beasts.

Vanquished Creatures (collateral kills)
  The ghost of Monsterracer the Poker, an amateur MfSk (D:4)
  The ghost of grindst0ne the Skirmisher, an amateur DsBe of Trog (D:3)
  A phantom (D:4)
  3 ogres
  A howler monkey (D:4)
  A bullfrog zombie (D:3)
  2 crimson imps
  An iguana (D:4)
  4 worker ants
  6 gnolls
  6 adders
  4 worms
  4 dart slugs (D:1)
  6 leopard geckos
  7 orcs
  2 ball pythons
  A giant cockroach (D:1)
  10 goblins
  14 hobgoblins
  4 jackals
  9 kobolds
  2 quokkas (D:4)
  A bat (D:1)
  2 frilled lizards (D:2)
  6 rats
99 creatures vanquished.

Notes
Turn   | Place    | Note
-------+----------+-------------------------------------------
     0 | D:1      | Duffy the Deep Elf Summoner began the quest for the Orb.
     0 | D:1      | Reached XP level 1. HP: 10/10 MP: 6/6
   485 | D:1      | Reached XP level 2. HP: 15/15 MP: 6/8
   498 | D:1      | Learned a level 2 spell: Call Imp
  1049 | D:1      | Reached skill level 5 in Summonings
  1189 | D:1      | Reached XP level 3. HP: 19/19 MP: 3/10
  1434 | D:1      | Learned a level 3 spell: Call Canine Familiar
  2033 | D:2      | Found a snail-covered altar of Cheibriados.
  2240 | D:3      | Reached XP level 4. HP: 21/24 MP: 1/12
  2246 | D:3      | Learned a level 4 spell: Summon Ice Beast
  2348 | D:3      | Found an ornate altar of the Wu Jian Council.
  2387 | D:3      | Found a bloodstained altar of Trog.
  2584 | D:3      | Noticed grindst0ne's ghost (amateur DsBe)
  2606 | D:3      | Killed grindst0ne's ghost
  2606 | D:3      | Reached skill level 6 in Summonings
  2606 | D:3      | Reached XP level 5. HP: 28/28 MP: 1/14
  2824 | D:3      | Found an iron altar of Okawaru.
  2855 | D:3      | Reached skill level 5 in Spellcasting
  3366 | D:3      | Found a sacrificial altar of Ru.
  3368 | D:3      | Found a basalt altar of Yredelemnul.
  3515 | D:4      | Found a shattered altar of Ashenzari.
  3557 | D:4      | Found a shadowy altar of Dithmenos.
  3574 | D:4      | Noticed Monsterracer's ghost (amateur MfSk)
  3595 | D:4      | Killed Monsterracer's ghost
  3595 | D:4      | Reached skill level 7 in Summonings
  3595 | D:4      | Reached XP level 6. HP: 32/32 MP: 7/16
  3653 | D:4      | Learned a level 4 spell: Summon Lightning Spire
  3998 | D:4      | Found a white marble altar of Elyvilon.
  5107 | D:5      | Entered Level 5 of the Dungeon
  5163 | D:5      | Reached XP level 7. HP: 36/36 MP: 13/18
  5223 | D:5      | Reached skill level 8 in Summonings
  5417 | D:5      | Shot with an arrow by a centaur

Vault maps used:
D:1:      nicolae_arrival_somewhat_less_tricky_arrival
D:2:      lemuel_doored_altar
D:3:      old_standard_altar, nicolae_overflow_hidden_temple,
          trog_three_pillars_becter
D:4:      nicolae_ashenzari_panopticon, nicolae_dithmenos_the_darkroom,
          kennysheep_mini_moat, roderic_serpentine_path
D:5:      first_bread, serial_bayou_pond_a

Skill      XL: |  1  2  3  4  5  6  7 |
---------------+----------------------+-----
Summonings     | 5 6 7 8 |  8.1
Spellcasting   | 4 5 6 |  6.6
Dodging        | |  2.4
Stealth        | |  2.4

Action                   |  1- 3 |  4- 6 |  7- 9 || total
-------------------------+-------+-------+-------++-------
 Cast: Summon Small Mamm |    43 |       |       ||    43
       Call Imp          |    29 |    10 |       ||    39
       Call Canine Famil |    10 |    22 |     1 ||    33
       Summon Ice Beast  |       |    15 |     5 ||    20
  Eat: Chunk             |     5 |    12 |     1 ||    18
Armor: Robe              |     5 |     2 |       ||     7
Dodge: Dodged            |    22 |    23 |     1 ||    46
